 Dungeon Crawl Stone Soup version 0.21.1-1-g345015f (webtiles) character file.

674409 shakethe the Severer (level 27, 0/224 HPs)
             Began as a Demonspawn Necromancer on Feb 20, 2018.
             Was the Champion of Makhleb.
             Splashed by an acid blob's acid (3 damage)
             ... on level 5 of the Pits of Slime.
             The game lasted 05:55:57 (77193 turns).

shakethe the Severer (Demonspawn Necromancer)      Turns: 77193, Time: 05:55:58

Health: 0/224      AC: 31    Str: 22    XL:     27
Magic:  30/40      EV: 20    Int: 33    God:    Makhleb [******]
Gold:   2566       SH:  0    Dex:  8    Spells: 14/52 levels left

rFire    + + +     SeeInvis +   a - +7 battleaxe "Impslayer" {flame, Str+7}
rCold    x . .     Gourm    .   (shield currently unavailable)
rNeg     . . .     Faith    .   o - +4 fire dragon scales of Zin's Castigation {+Blink rF++ rC- rCorr Int+3 Dex-3}
rPois    +         Spirit   .   (helmet unavailable)
rElec    +         Reflect  .   M - +2 cloak {+Inv}
rCorr    +         Harm     .   F - +3 pair of gauntlets of War {Slay+5}
MR       +++++     Rnd*Rage +   X - +2 pair of boots {run}
Stlth    ..........             i - amulet "Kuathim" {+Rage rElec Str+5 Dex-4 SInv}
HPRegen  0.47/turn              R - ring of Woaleuhad {*Slow rElec MR++ Int+3 Stlth-}
MPRegen  0.27/turn              B - ring of poison resistance {rPois, !d}

@: repel missiles, quick
A: antennae 3, repulsion field 3, berserk 1, fire resistance 1, hurl damnation,
foul stench 2, magic resistance 1, powered by death 3, shaggy fur 1, electricity
resistance, wild magic 1, rot immunity, flame cloud immunity
}: 3/15 runes: serpentine, barnacled, silver
a: Hurl Damnation, Minor Destruction, Lesser Servant of Makhleb, Major
Destruction, Greater Servant of Makhleb, Renounce Religion, Evoke Blink, Evoke
Berserk Rage, Evoke Invisibility


You were on level 5 of the Pits of Slime.
You worshipped Makhleb.
Makhleb was exalted by your worship.
You were full.

You visited 11 branches of the dungeon, and saw 53 of its levels.
You also visited: Labyrinth, Sewer, Ice Cave and Wizlab.

You collected 7724 gold pieces.
You spent 5158 gold pieces at shops.

Inventory:

Hand Weapons
 a - the +7 battleaxe "Impslayer" (weapon) {flame, Str+7}
   (You found it in an ice cave)

   It has been specially enchanted to burn those struck by it, causing extra
   injury to most foes and up to half again as much damage against particularly
   susceptible opponents.
   Big, fiery blades are also staple armaments of hydra-hunters.
   It affects your strength (+7).
Missiles
 t - a throwing net {=f, !d}
Armour
 o - the +4 fire dragon scales of Zin's Castigation (worn) {+Blink rF++ rC- rCorr Int+3 Dex-3}
   (You bought it in a shop on level 1 of the Elven Halls)

   It affects your intelligence (+3).
   It affects your dexterity (-3).
   It greatly protects you from fire.
   It makes you vulnerable to cold.
   It lets you blink.
   It protects you from acid and corrosion.
 F - the +3 pair of gauntlets of War (worn) {Slay+5}
   (You found it on level 1 of the Depths)

   It affects your accuracy and damage with ranged weapons and melee attacks
   (+5).
 M - a +2 cloak of invisibility (worn)
   (You found it on level 1 of the Snake Pit)
 X - a +2 pair of boots of running (worn)
   (You acquired it on level 3 of the Depths)
Jewellery
 i - the amulet "Kuathim" (around neck) {+Rage rElec Str+5 Dex-4 SInv}
   (You took it off a yaktaur captain on level 5 of the Vaults)

   [amulet of rage]

   It affects your strength (+5).
   It affects your dexterity (-4).
   It insulates you from electricity.
   It lets you see invisible.
   It lets you go berserk.
 y - an uncursed ring of ice {rC+, rF-}
   (You found it in an ice cave)
 B - a ring of poison resistance (right hand) {rPois, !d}
   (You bought it in a shop on level 1 of the Depths)
 R - the ring of Woaleuhad (left hand) {*Slow rElec MR++ Int+3 Stlth-}
   (You took it off a merfolk impaler on level 4 of the Shoals)

   [ring of loudness]

   It affects your intelligence (+3).
   It insulates you from electricity.
   It affects your resistance to hostile enchantments.
   It may slow you when you take damage.
   It makes you less stealthy.
Wands
 A - a wand of digging (32)
   (You found it on level 2 of the Depths)
Scrolls
 d - 3 scrolls of summoning
 e - 21 scrolls of remove curse
 f - 4 scrolls of identify
 h - 6 scrolls of fog
 j - 14 scrolls of enchant weapon
 k - a scroll of blinking {!r}
 m - 10 scrolls of magic mapping {!r}
 q - 26 scrolls of teleportation
 u - 2 scrolls of silence
 x - 9 scrolls of fear
 z - a scroll of acquirement
 G - 6 scrolls of vulnerability {!r!r}
 I - 6 scrolls of amnesia
 S - 2 scrolls of torment {!r}
 V - 6 scrolls of holy word {!r!r}
 W - 6 scrolls of immolation {!r}
 Y - 10 scrolls of enchant armour
Potions
 g - 5 potions of lignification {!q}
 l - 13 potions of curing
 s - 4 potions of agility
 v - 6 potions of might
 w - 10 potions of brilliance
 D - 9 potions of flight
 E - 4 potions of ambrosia
 H - 4 potions of cancellation
 K - 2 potions of haste
 N - 3 potions of magic
 O - 16 potions of mutation {!q}
 U - 4 potions of resistance
Miscellaneous
 b - 3 phantom mirrors
 p - a lightning rod (4/4)
   (You found it on level 3 of the Elven Halls)
 r - a crystal ball of energy
   (You found it on level 3 of the Elven Halls)
 C - 4 boxes of beasts
 J - a phial of floods
   (You found it in an ice cave)
 L - a sack of spiders
 Q - a lamp of fire
   (You found it on level 10 of the Dungeon)
 T - a fan of gales
   (You found it on level 2 of the Depths)
Comestibles
 c - 51 rations


   Skills:
 - Level 20.0 Fighting
 - Level 20.0 Axes
 - Level 16.3 Armour
 - Level 14.9 Dodging
 - Level 1.7 Stealth
 + Level 13.1 Spellcasting
 + Level 13.3 Conjurations
 - Level 2.8 Charms
 - Level 11.2 Necromancy
 * Level 11.3 Translocations
 + Level 12.9 Transmutations
 + Level 8.5 Air Magic
 + Level 14.2 Earth Magic
 - Level 10.3 Invocations
 - Level 8.1 Evocations


You had 14 spell levels left.
You knew the following spells:

 Your Spells              Type           Power        Failure   Level  Hunger
a - Pain                  Necr           ####         1%          1    None
b - Borgnjor's Vile Clut  Necr/Erth      #######...   1%          5    None
c - Blink                 Tloc           N/A          1%          2    None
d - Statue Form           Tmut/Erth      #######..    4%          6    ###....
e - Iron Shot             Conj/Erth      #######...   4%          6    ###....
f - Summon Lightning Spi  Summ/Air       ######..     12%         4    None
g - Dispel Undead         Necr           #######.     2%          5    None
r - Regeneration          Chrm/Necr      ######....   1%          3    None
s - Shroud of Golubria    Chrm/Tloc      ######....   1%          2    None
x - Vampiric Draining     Necr           #######...   1%          3    None
A - Animate Skeleton      Necr           N/A          1%          1    None


Dungeon Overview and Level Annotations

Branches:
Dungeon (15/15)            Temple (1/1) D:4            Lair (6/6) D:8
 Shoals (4/4) Lair:4        Snake (4/4) Lair:3        Slime (5/5) Lair:5
    Orc (2/2) D:9             Elf (3/3) Orc:2        Vaults (5/5) D:13
  Crypt (3/3) Vaults:3       Tomb (0/3) Crypt:3      Depths (5/5) D:15
    Zot (0/5) Depths:5

Altars:
Ashenzari
Cheibriados
Dithmenos
Elyvilon
Fedhas
Gozag
Hepliaklqana
Kikubaaqudgha
Makhleb
Nemelex Xobeh
Okawaru
Qazlal
Ru
Sif Muna
Trog
Uskayaw
Vehumet
Wu Jian
Xom
Yredelemnul
Zin
The Shining One
Beogh

Shops:
D:4 *   D:9 :   D:10 }:   Orc:2 !?}(   Elf:1 *   Elf:3 [   Shoals:3 *
Shoals:4 ?   Snake:1 (   Snake:2 *   Vaults:3 (   Vaults:4 %   Depths:1 =}}

Portals:
Hell: Depths:1 Depths:2 Depths:3 Depths:4 Depths:5
Abyss: Depths:4
Pandemonium: Depths:3
Ziggurat: Depths:3


Innate Abilities, Weirdness & Mutations

You have a pair of large antennae on your head. (SInv)
You are surrounded by a strong repulsion field. (EV +4, RMsl)
Your flesh is heat resistant. (rF+)
You can hurl damnation.
You frequently emit foul miasma when damaged in melee.
You regenerate a lot of health from kills.
You are immune to rotting.
You are immune to clouds of flame.
You tend to lose your temper in combat.
You are resistant to hostile enchantments. (MR+)
You are covered in fur. (AC +1)
You are resistant to electric shocks. (rElec)
Your spells are a little harder to cast, but a little more powerful.


Message History

The acid blob hits you but does no damage.
The slime creature closely misses you. The acid blob spits acid at you.
The splash of acid is repelled.
The splash of acid hits the slime creature.
The slime creature is splashed with acid.
The acid corrodes the slime creature!
The slime creature dies!
The acid blob spits acid at you. The splash of acid hits you!
You are splashed with acid!
The acid burns!
You take 16 damage, and have 267/291 hp.
The acid blob spits acid at you. The splash of acid misses you.
You regained 3 hp, and now have 270/291 hp.
You slice the acid blob!! You burn the acid blob. The acid corrodes you!
Your hands burn!
The acid blob spits acid at you.
The splash of acid is repelled.
The splash of acid hits the great orb of eyes.
The great orb of eyes is splashed with acid.
The acid blob spits acid at you. The splash of acid hits you!
The acid corrodes you!
You are splashed with acid!
The acid burns!
The acid blob closely misses you.
You take 32 damage, and have 238/291 hp.
You slice the acid blob!! You burn the acid blob! The acid corrodes you!
Your hands burn!
You slash the great orb of eyes! You burn the great orb of eyes.
The great orb of eyes barely misses you.
The acid blob spits acid at you. The splash of acid hits you!
You are splashed with acid!
The acid burns!
You take 23 damage, and have 215/291 hp.
You slash the acid blob! You burn the acid blob.
Your hands burn!
You hit the great orb of eyes. You burn the great orb of eyes.
The acid blob spits acid at you. The splash of acid hits you!
The acid corrodes you!
You are splashed with acid!
The acid burns!
The great orb of eyes bites you.
The great orb of eyes looks sick.
You emit a cloud of foul miasma!
You take 28 damage, and have 187/291 hp.
You hit the acid blob but do no damage.
Your hands burn!
You hit the great orb of eyes. You burn the great orb of eyes.
The acid blob hits you! The acid corrodes you!
You are splashed with acid!
The acid burns!
The great orb of eyes is engulfed in dark miasma.
The great orb of eyes is poisoned.
The great orb of eyes barely misses you.
The acid blob spits acid at you. The splash of acid hits you!
The acid corrodes you!
You are splashed with acid!
The acid burns!
The acid blob spits acid at you. The splash of acid misses you.
You take 33 damage, and have 154/291 hp.
You hit the acid blob but do no damage.
Your hands burn!
You slash the great orb of eyes! You burn the great orb of eyes.
The great orb of eyes is engulfed in dark miasma.
The great orb of eyes completely misses you.
The acid blob spits acid at you. The splash of acid hits you!
You are splashed with acid!
The acid burns!
The acid blob spits acid at you. The splash of acid hits you!
You are splashed with acid!
The acid burns!
You take 48 damage, and have 106/291 hp.
You slice the great orb of eyes!! You burn the great orb of eyes.
You kill the great orb of eyes!
Makhleb accepts your kill.
You feel better.
You hit the acid blob but do no damage. The acid corrodes you!
Your hands burn!
The acid blob hits you.
You are splashed with acid!
The acid burns!
You regained 10 hp, and now have 116/291 hp.
You hit the acid blob but do no damage.
Your hands burn!
You hit the acid blob but do no damage.
Your hands burn!
The acid blob hits you!!
* * * LOW HITPOINT WARNING * * *
You are splashed with acid!
The acid burns!
* * * LOW HITPOINT WARNING * * *
The acid blob spits acid at you. The splash of acid hits you!
* * * LOW HITPOINT WARNING * * *
The acid corrodes you!
You are splashed with acid!
The acid burns!
* * * LOW HITPOINT WARNING * * *
You take 74 damage, and have 42/291 hp.
MASSIVE DAMAGE!!
Okay, then.
Your magical effects are unravelling.
You feel magically purged.
Your magical contamination has completely faded away.
You revert to your normal fleshy form.
The +3 pair of gauntlets of War {Slay+5} unmelds from your body.
Your +2 pair of boots of running unmelds from your body.
The +4 fire dragon scales of Zin's Castigation {+Blink rF++ rC- rCorr Int+3 Dex-3} unmelds from your body.
You feel quick.
You are no longer corroded.
The acid blob completely misses you. The acid blob spits acid at you.
The splash of acid hits you! You resist.
* * * LOW HITPOINT WARNING * * *
You are splashed with acid!
The acid burns!
You resist.
* * * LOW HITPOINT WARNING * * *
The acid blob hits you!!
* * * LOW HITPOINT WARNING * * *
You are splashed with acid!
The acid burns!
You resist.
You die...

#..#
####...#######
#.....#......###
#............#.###
.......<.........#
..................
..................
........J.........
.......J@.........
..................
..................
..................
..................
.....
..................
.....
.................J
.....
..................
.....


You could see 2 acid blobs.

Vanquished Creatures
  Dissolution (Slime:4)
  Mara (Snake:4)
  3 juggernauts
  2 ancient liches
  Sojobo (Depths:4)
  Frederick (Vaults:2)
  4 caustic shrikes (Depths:5)
  6 golden dragons
  Jory (Depths:4)
  A mutant beast (WizLab)
  the Enchantress (Depths:2)
  6 liches
  Rupert (Orc:2)
  Jorgrun (Elf:2)
  3 tentacled monstrosities
  Asterion (Elf:2)
  A quicksilver dragon (Vaults:4)
  2 deep elf master archers (Elf:3)
  3 deep elf blademasters
  2 titans (Vaults:5)
  14 acid blobs
  8 ancient champions
  Frances (Elf:1)
  6 sphinxes
  The ghost of jazmu the Peltast, an adept FoSk of Okawaru (Shoals:4)
  Agnes (Elf:2)
  11 tengu reavers
  Donald (Vaults:2)
  3 storm dragons
  Ilsuiw (Shoals:4)
  8 nagarajas
  7 azure jellies
  An azure jelly (shapeshifter) (Vaults:5)
  13 shadow dragons
  2 revenants (Crypt:2)
  7 deep elf sorcerers
  2 orc warlords
  14 fire giants
  3 draconian knights (Depths:5)
  18 ironheart preservers
  2 iron dragons
  15 vault wardens
  19 frost giants
  An angel (Depths:3)
  4 deep elf elementalists
  Louise (Elf:1)
  2 curse skulls
  4 spriggan defenders
  27 stone giants
  7 ghouls
  2 war gargoyles (Vaults:5)
  31 very ugly things
  3 entropy weavers
  6 deep elf demonologists (Elf:3)
  9 vampire knights
  A green draconian (Depths:5)
  Nessos (D:14)
  The ghost of microfolk the Thaumaturge, a journeyman GnSk of Okawaru (Lair:4)
  A white draconian (Depths:5)
  2 yellow draconians (Depths:5)
  2 spark wasps (Depths:2)
  11 deep elf annihilators
  3 eidola
  An ettin (shapeshifter) (Depths:4)
  2 mummy priests (Crypt:3)
  17 ettins
  7 deep elf death magi
  7 merfolk javelineers
  9 merfolk impalers
  A death ooze (Slime:4)
  A great orb of eyes (shapeshifter) (Vaults:3)
  27 jiangshi
  12 fire dragons
  21 ogre magi
  23 yaktaur captains
  4 deep elf high priests
  A minotaur (Lab)
  14 naga warriors
  16 great orbs of eyes
  The ghost of appiemonkey the Blocker, a journeyman MiFi of Okawaru (D:11)
  2 merfolk avatars
  4 rakshasas
  32 vault guards
  9 ice dragons
  A hell beast (Depths:3)
  7 hydras
  Harold (Lair:1)
  14 anacondas
  8 spriggan air magi
  4 alligator snapping turtles
  18 centaur warriors
  5 merfolk aquamancers
  6 death knights
  5 satyrs
  13 deep troll shamans
  25 dancing weapons
  5 tengu warriors
  49 two-headed ogres
  2 death yaks (IceCv)
  15 spriggan berserkers
  12 deep troll earth magi
  17 vampire magi
  Urug (D:14)
  A shock serpent (shapeshifter) (WizLab)
  An iron golem (WizLab)
  18 deep elf knights
  12 naga sharpshooters
  4 shock serpents
  Sonja (D:15)
  2 salamander mystics
  2 iron trolls
  8 shadow wraiths
  A sun demon (Depths:3)
  16 skeletal warriors
  2 hell knights
  11 sea snakes
  6 glowing orange brains
  7 fire crabs (shapeshifter)
  14 deep elf archers
  2 sea snakes (shapeshifter)
  An unseen horror (shapeshifter) (WizLab)
  4 flayed ghosts
  38 deep trolls
  2 death drakes (shapeshifter) (Vaults:2)
  6 wizards
  A gelid demonspawn (Depths:3)
  2 glowing orange brains (shapeshifter)
  2 unseen horrors (Vaults:1)
  13 naga ritualists
  An obsidian statue (Vaults:2)
  Pikel (D:5)
  6 phantasmal warriors
  29 harpies
  2 storm dragon skeletons
  9 ironbrand convokers
  A harpy (shapeshifter) (Vaults:2)
  A lindwurm (shapeshifter) (Depths:4)
  15 orc knights
  3 necromancers
  A swamp dragon (shapeshifter) (WizLab)
  3 shining eyes
  39 ugly things
  12 mana vipers
  11 salamanders
  The ghost of loki93 the Gouger, a novice FeBe of Trog (D:8)
  A wolf spider (Vaults:3)
  38 fauns
  5 oklob plants
  13 cyclopes
  12 manticores
  A stone giant zombie (Crypt:3)
  2 manticores (shapeshifter)
  An orb spider (shapeshifter) (Vaults:2)
  An elephant (shapeshifter) (Depths:4)
  12 orc sorcerers
  A fire giant zombie (Crypt:1)
  A shining eye (shapeshifter) (Depths:3)
  51 deep elf magi
  A salamander (shapeshifter) (WizLab)
  7 water nymphs
  2 eyes of devastation
  2 frost giant skeletons
  A merfolk siren (Shoals:1)
  11 elephants
  A guardian serpent (Snake:1)
  A fire giant skeleton (Crypt:3)
  A guardian serpent (shapeshifter) (WizLab)
  A torpor snail (Lair:2)
  A shock serpent zombie (Crypt:1)
  53 black mambas
  An ice statue (IceCv)
  6 centaur zombies
  A water nymph (shapeshifter) (WizLab)
  2 gargoyles
  2 smoke demons (Depths:3)
  15 naga magi
  A human skeleton (Vaults:5)
  11 spiny frogs
  16 vault sentinels
  3 centaur skeletons
  A black draconian zombie (Crypt:2)
  A spiny frog (shapeshifter) (WizLab)
  7 freezing wraiths
  11 komodo dragons
  A redback zombie (D:14)
  7 rime drakes
  A catoblepas skeleton (Crypt:3)
  69 yaktaurs
  An efreet (D:14)
  2 komodo dragons (shapeshifter)
  2 kobold demonologists (D:11)
  4 tengu conjurers
  A green draconian skeleton (Crypt:3)
  4 jumping spiders
  A harpy zombie (Crypt:3)
  9 guardian mummies
  2 grey draconian skeletons (Crypt:3)
  30 merfolk
  A troll (shapeshifter) (WizLab)
  A shadow dragon simulacrum (Vaults:5)
  A polar bear (shapeshifter) (WizLab)
  9 trolls
  An iron troll skeleton (Crypt:3)
  2 queen bees (shapeshifter) (WizLab)
  A jumping spider (shapeshifter) (WizLab)
  A meliai (shapeshifter) (Vaults:3)
  13 hornets
  3 hornets (shapeshifter)
  7 blink frogs
  136 slime creatures
  25 polar bears
  6 wind drakes
  An ettin zombie (Crypt:1)
  4 snapping turtles
  7 hippogriffs
  2 bog bodies
  12 large abominations
  A stone giant simulacrum (Vaults:1)
  13 dream sheep
  A fire giant simulacrum (Crypt:1)
  A meliai zombie (D:14)
  Sigmund (D:2)
  8 spriggans
  An alligator skeleton (Crypt:3)
  2 shadows
  A centaur simulacrum (D:15)
  A black mamba zombie (Crypt:3)
  A hippogriff (shapeshifter) (WizLab)
  3 yaks (shapeshifter)
  A redback (shapeshifter) (WizLab)
  5 redbacks
  14 wraiths
  20 water elementals
  6 air elementals
  6 wyverns
  A fire elemental (Elf:1)
  3 spriggans (shapeshifter)
  A human (shapeshifter) (WizLab)
  4 basilisks (shapeshifter)
  2 ushabtiu (Crypt:3)
  5 basilisks
  A golden eye (shapeshifter) (D:14)
  53 yaks
  4 hungry ghosts
  7 golden eyes (Slime:4)
  4 vampire mosquitoes (D:13)
  Menkaure (D:4)
  A catoblepas simulacrum (Crypt:1)
  61 nagas
  15 wargs
  A warg (shapeshifter) (Vaults:3)
  A swamp worm (shapeshifter) (Vaults:5)
  An acid dragon (D:15)
  11 water moccasins
  A floating eye (shapeshifter) (Vaults:5)
  6 floating eyes
  14 porcupines
  A fire dragon simulacrum (Crypt:3)
  23 orc warriors
  An ice beast (shapeshifter) (Vaults:3)
  3 sky beasts
  6 black bears (shapeshifter)
  3 black bears
  5 ice beasts
  2 phantoms
  An ettin simulacrum (Vaults:2)
  A manticore zombie (Crypt:1)
  An eye of draining (shapeshifter) (WizLab)
  8 necrophages
  21 wolves
  4 eyes of draining
  48 ogres
  A hog zombie (Crypt:1)
  40 centaurs
  A snapping turtle skeleton (Crypt:1)
  8 crocodiles
  11 big kobolds
  Blork the orc (D:5)
  21 bullfrogs
  A fire crab zombie (Crypt:2)
  4 wyvern zombies (D:14)
  14 small abominations
  A draconian skeleton (Crypt:3)
  4 earth elementals
  A glowing shapeshifter simulacrum (Vaults:1)
  A yaktaur skeleton (Crypt:1)
  A wyvern skeleton (D:6)
  6 scorpions
  A killer bee (shapeshifter) (Vaults:5)
  14 killer bees
  A spriggan skeleton (Crypt:2)
  15 wights
  4 electric eels (D:15)
  A howler monkey (D:9)
  4 crimson imps
  A jelly (shapeshifter) (Depths:1)
  A bullfrog zombie (D:10)
  A demonspawn zombie (Crypt:3)
  4 lava snakes (Lab)
  2 quasits (D:11)
  10 hounds
  2 jellies
  Crazy Yiuf (D:5)
  2 bullfrog skeletons
  12 orc priests
  33 orc wizards
  2 iguanas
  A porcupine zombie (Crypt:2)
  11 worker ants
  A demigod zombie (Crypt:3)
  The ghost of wotfoxis the Chopper, a weakling HOCK of Xom (D:5)
  A felid skeleton (Crypt:1)
  14 mummies
  A worker ant zombie (D:6)
  21 adders
  26 gnolls
  5 river rats (Sewer)
  4 shadow imps
  A steam dragon skeleton (Crypt:1)
  A white imp (Depths:5)
  2 oozes
  2 adder skeletons
  8 worms
  4 dart slugs
  4 leopard geckos
  86 orcs
  11 ball pythons
  4 bats
  4 giant cockroaches
  44 goblins
  26 hobgoblins
  5 jackals
  4 quokkas
  A ball python skeleton (Crypt:2)
  A ball python zombie (Crypt:3)
  4 frilled lizards
  A giant cockroach zombie (D:5)
  A jackal skeleton (D:5)
  A jackal zombie (D:7)
  25 kobolds
  A kobold skeleton (Crypt:2)
  A leopard gecko zombie (D:5)
  3 quokka zombies
  31 rats
  A butterfly (Lair:4)
  10 crawling corpses
  A fire vortex (Depths:5)
  5 fungi
  24 plants
  A withered plant (D:14)
2759 creatures vanquished.

Vanquished Creatures (collateral kills)
  A slime creature (Slime:1)
  4 shining eyes
  An eye of devastation (Slime:4)
6 creatures vanquished.

Vanquished Creatures (others)
  Nikola (Snake:1)
  A vault warden (Vaults:2)
  A deep elf demonologist (Elf:3)
  A vampire knight (Depths:5)
  A vault guard (Vaults:5)
  A spriggan air mage (Depths:3)
  3 dancing weapons (Elf:1)
  A deep troll earth mage (Depths:4)
  A shadow wraith (Vaults:2)
  A deep elf mage (Elf:2)
  A black mamba (Snake:3)
  2 yaktaurs
  A slime creature (Slime:5)
  A redback (Vaults:5)
  A golden eye (Slime:4)
  2 orc warriors
  An ogre (Vaults:3)
  2 wolves (IceCv)
  A bullfrog (D:6)
  A scorpion (D:6)
  A crimson imp (D:5)
  An orc wizard (Orc:2)
  2 adders
  A howler monkey skeleton (D:6)
  An orc (Orc:1)
  12 fungi
  85 plants
  A withered plant (D:14)
129 creatures vanquished.

Grand Total: 2894 creatures vanquished

Notes
Turn   | Place    | Note
-------+----------+-------------------------------------------
     0 | D:1      | shakethe the Demonspawn Necromancer began the quest for the Orb.
     0 | D:1      | Reached XP level 1. HP: 13/13 MP: 3/3
   462 | D:1      | Gained mutation: You are surrounded by a mild repulsion field. (EV +2) [demonic ancestry]
   462 | D:1      | Reached XP level 2. HP: 20/20 MP: 5/5
   520 | D:1      | Reached skill level 1 in Fighting
  1050 | D:1      | Gained mutation: You regenerate a little health from kills. [demonic ancestry]
  1050 | D:1      | Reached XP level 3. HP: 24/26 MP: 6/6
  1153 | D:1      | Learned a level 3 spell: Regeneration
  1157 | D:1      | Learned a level 3 spell: Vampiric Draining
  1278 | D:2      | HP: 6/26 [poisoned by an adder]
  1285 | D:1      | HP: 5/26 [poisoned by an adder]
  1293 | D:1      | HP: 3/26 [poisoned by an adder]
  1604 | D:2      | Reached skill level 5 in Necromancy
  1675 | D:2      | Found an iron altar of Okawaru.
  1677 | D:2      | Noticed Sigmund
  1844 | D:2      | Gained mutation: You regenerate health from kills. [demonic ancestry]
  1844 | D:2      | Reached XP level 4. HP: 29/33 MP: 8/8
  1901 | D:2      | Killed Sigmund
  1901 | D:2      | Reached skill level 3 in Fighting
  1901 | D:2      | Reached skill level 3 in Spellcasting
  1901 | D:2      | Reached XP level 5. HP: 36/41 MP: 8/10
  2269 | D:2      | Noticed a centaur
  2293 | D:2      | Killed a centaur
  2293 | D:2      | Reached skill level 6 in Necromancy
  2293 | D:2      | Reached XP level 6. HP: 25/47 MP: 9/11
  2699 | D:2      | Learned a level 5 spell: Borgnjor's Vile Clutch
  3475 | D:3      | Reached skill level 4 in Spellcasting
  3578 | D:3      | Reached skill level 2 in Dodging
  4049 | D:3      | Gained mutation: You have a pair of small antennae on your head. [demonic ancestry]
  4049 | D:3      | Reached XP level 7. HP: 51/53 MP: 13/13
  4082 | D:3      | Reached skill level 1 in Earth Magic
  4216 | D:2      | Reached skill level 4 in Fighting
  4409 | D:2      | Learned a level 1 spell: Animate Skeleton
  5012 | D:4      | Reached skill level 2 in Earth Magic
  5342 | D:4      | Reached skill level 3 in Dodging
  5360 | D:4      | Gained mutation: You are immune to rotting. [demonic ancestry]
  5360 | D:4      | Reached XP level 8. HP: 60/61 MP: 3/15
  5513 | D:4      | Found a staircase to the Ecumenical Temple.
  5519 | Temple   | Entered the Ecumenical Temple
  5749 | Temple   | Became a worshipper of Makhleb the Destroyer
  5831 | D:4      | Noticed Menkaure
  5847 | D:4      | Killed Menkaure
  5847 | D:4      | Reached skill level 7 in Necromancy
  6033 | D:4      | Reached skill level 5 in Spellcasting
  6200 | D:4      | Reached skill level 5 in Fighting
  6415 | D:4      | Found Uloqoim's Assorted Antiques.
  6423 | D:4      | Bought an encrusted leather armour for 168 gold pieces
  6423 | D:4      | Bought a scroll of identify for 48 gold pieces
  6423 | D:4      | Identified the cursed +0 leather armour of Twilight {rC+ Str-5 Dex+8 Slay+3} (You bought it in a shop on level 4 of the Dungeon)
  6487 | D:5      | Entered Level 5 of the Dungeon
  6495 | D:5      | Reached skill level 3 in Earth Magic
  6538 | D:5      | Noticed wotfoxis's ghost (weakling HOCK)
  6599 | D:5      | Killed wotfoxis's ghost
  6758 | D:5      | HP: 15/62 [worker ant (6)]
  6774 | D:5      | Reached * piety under Makhleb
  6798 | D:5      | Noticed Blork the orc
  6808 | D:5      | Killed Blork the orc
  6808 | D:5      | Reached skill level 4 in Dodging
  7037 | D:5      | Found a glowing drain.
  7049 | Sewer    | Entered a sewer
  7257 | Sewer    | HP: 13/63 [river rat (6)]
  7264 | Sewer    | HP: 15/63 [river rat (4)]
  7599 | Sewer    | Reached ** piety under Makhleb
  7676 | Sewer    | Reached XP level 9. HP: 66/68 MP: 17/17
  8039 | D:5      | Noticed Pikel
  8049 | D:5      | Killed Pikel
  8049 | D:5      | Reached skill level 6 in Fighting
  8049 | D:5      | Reached skill level 6 in Spellcasting
  8049 | D:5      | Reached skill level 8 in Necromancy
  8049 | D:5      | Reached skill level 4 in Earth Magic
  8338 | D:5      | Found a runed door.
  8346 | D:5      | Noticed Crazy Yiuf
  8348 | D:5      | Killed Crazy Yiuf
  8776 | D:6      | Reached skill level 5 in Dodging
  9036 | D:6      | Found a shimmering altar of Xom.
  9064 | D:6      | Reached skill level 1 in Invocations
  9564 | D:7      | Found a stormy altar of Qazlal.
  9610 | D:7      | Reached skill level 2 in Invocations
  9631 | D:7      | Reached skill level 5 in Earth Magic
  9693 | D:7      | Reached *** piety under Makhleb
  9859 | D:7      | Gained mutation: You may emit foul miasma when damaged in melee. [demonic ancestry]
  9859 | D:7      | Reached XP level 10. HP: 73/77 MP: 15/19
 10331 | D:7      | Found a blossoming altar of Fedhas.
 10393 | D:8      | Reached skill level 9 in Necromancy
 10393 | D:8      | Reached skill level 3 in Invocations
 10518 | D:8      | Reached skill level 7 in Fighting
 10575 | D:8      | Reached **** piety under Makhleb
 10638 | D:8      | Found a glowing golden altar of the Shining One.
 10760 | D:8      | Reached skill level 4 in Invocations
 10765 | D:8      | Noticed loki93's ghost (novice FeBe)
 11102 | D:8      | Found a staircase to the Lair.
 11116 | D:8      | Reached skill level 6 in Dodging
 11303 | D:8      | Reached skill level 5 in Invocations
 11737 | D:8      | Reached skill level 6 in Earth Magic
 12092 | D:7      | Learned a level 2 spell: Shroud of Golubria
 12571 | D:9      | Noticed a two-headed ogre
 12576 | D:9      | Killed a two-headed ogre
 12628 | D:9      | Found a burning altar of Makhleb.
 12701 | D:9      | Reached skill level 1 in Translocations
 12706 | D:9      | Reached skill level 1 in Charms
 12723 | D:9      | Gained mutation: You have a pair of antennae on your head. [demonic ancestry]
 12723 | D:9      | Reached XP level 11. HP: 86/86 MP: 8/20
 12854 | D:9      | Found Roheneps's Book Emporium.
 12856 | D:9      | Found a staircase to the Orcish Mines.
 13610 | D:10     | Entered Level 10 of the Dungeon
 13610 | D:10     | Found Obihunere's Gadget Emporium.
 13793 | D:10     | Reached skill level 6 in Invocations
 13795 | D:10     | Reached skill level 8 in Fighting
 13912 | D:10     | Found Fiodgh's Book Emporium.
 14035 | D:10     | Reached skill level 10 in Necromancy
 14172 | D:10     | Reached skill level 2 in Translocations
 14182 | D:10     | Reached skill level 2 in Charms
 14609 | D:10     | Reached skill level 7 in Dodging
 15067 | D:11     | Reached skill level 7 in Invocations
 15068 | D:11     | Reached skill level 3 in Translocations
 15116 | D:11     | Noticed appiemonkey's ghost (journeyman MiFi)
 15441 | D:11     | Noticed a two-headed ogre
 15448 | D:11     | Killed a two-headed ogre
 15448 | D:11     | Reached skill level 1 in Axes
 15694 | D:11     | Reached skill level 2 in Axes
 15731 | D:11     | Reached skill level 9 in Fighting
 16151 | D:11     | Learned a level 2 spell: Blink
 16197 | D:11     | Reached ***** piety under Makhleb
 16254 | D:11     | Noticed a two-headed ogre
 16260 | D:11     | Killed a two-headed ogre
 16260 | D:11     | Gained mutation: Your flesh is heat resistant. (rF+) [demonic ancestry]
 16260 | D:11     | Reached XP level 12. HP: 67/95 MP: 4/21
 16441 | D:12     | Reached skill level 3 in Axes
 16546 | D:12     | Reached skill level 8 in Dodging
 16604 | D:12     | HP: 23/95 [troll (5)]
 16628 | D:11     | HP: 16/95 [troll (13)]
 16674 | D:12     | Found a frozen archway.
 16714 | IceCv    | Entered an ice cave
 17064 | IceCv    | Reached skill level 4 in Axes
 17326 | IceCv    | Reached skill level 10 in Fighting
 17373 | IceCv    | Reached skill level 5 in Axes
 17529 | IceCv    | Reached skill level 9 in Dodging
 17695 | IceCv    | Noticed a death yak
 17704 | IceCv    | Killed a death yak
 17921 | IceCv    | Noticed a death yak
 17928 | IceCv    | Killed a death yak
 18024 | IceCv    | Noticed a frost giant
 18031 | IceCv    | Reached skill level 6 in Axes
 18061 | IceCv    | Killed a frost giant
 18061 | IceCv    | Reached XP level 13. HP: 54/105 MP: 1/22
 18259 | IceCv    | Got a polished battleaxe
 18292 | IceCv    | Identified a scroll of acquirement
 18321 | IceCv    | Identified the +7 battleaxe "Impslayer" {flame, Str+7} (You found it in an ice cave)
 18894 | D:8      | Killed loki93's ghost
 19262 | D:11     | Reached skill level 11 in Fighting
 19809 | D:13     | Reached skill level 7 in Axes
 19815 | D:13     | Reached skill level 10 in Dodging
 20137 | D:13     | Found a basalt altar of Yredelemnul.
 20671 | Lair:1   | Entered Level 1 of the Lair of Beasts
 20769 | Lair:1   | Reached skill level 8 in Axes
 21130 | Lair:1   | Noticed Harold
 21136 | Lair:1   | Killed Harold
 21506 | Lair:1   | Reached skill level 10 in Axes
 21506 | Lair:1   | Gained mutation: You are surrounded by a moderate repulsion field. (EV +3) [demonic ancestry]
 21506 | Lair:1   | Reached XP level 14. HP: 113/113 MP: 23/23
 21731 | Lair:2   | Reached ****** piety under Makhleb
 22800 | Lair:3   | Found a staircase to the Snake Pit.
 23047 | Lair:4   | Noticed microfolk's ghost (journeyman GnSk)
 23071 | Lair:4   | Killed microfolk's ghost
 23082 | Lair:4   | Reached skill level 11 in Axes
 23274 | Lair:4   | Reached skill level 12 in Fighting
 23584 | Lair:4   | Found a staircase to the Shoals.
 24033 | Lair:5   | Gained mutation: You are surrounded by a strong repulsion field. (EV +4, RMsl) [demonic ancestry]
 24033 | Lair:5   | Reached XP level 15. HP: 120/120 MP: 15/24
 24115 | Lair:5   | Reached skill level 11 in Dodging
 24236 | Lair:5   | Found a staircase to the Slime Pits.
 25060 | Lair:6   | Entered Level 6 of the Lair of Beasts
 25060 | Lair:6   | Found a labyrinth entrance.
 25068 | Lab      | Entered a labyrinth
 25094 | Lab      | Found an exit through the horrors of the Abyss.
 25349 | Lab      | Got a faintly humming buckler
 25373 | Lab      | Got a slimy short sword {pierce}
 25390 | Lab      | Identified the amulet of Domnavun {Faith MR- Dex+5} (You found it in a labyrinth)
 25394 | Lab      | Identified the +1 buckler "Deukue" {Slay+2} (You took it off a minotaur in a labyrinth)
 25431 | Lab      | Identified the +5 short sword "Yggyforph" {pierce, +Blink rElec rF+} (You took it off a minotaur in a labyrinth)
 25624 | Lair:6   | Reached skill level 12 in Axes
 26430 | Lair:6   | Got a fine pewter ring
 26869 | Lair:6   | Identified the cursed ring "Kuif" {rF+ Str-3 Int+4 Stlth-} (You found it on level 6 of the Lair of Beasts)
 27643 | D:13     | Reached skill level 7 in Earth Magic
 27643 | D:13     | Reached skill level 13 in Fighting
 27760 | D:13     | Found a gate to the Vaults.
 28176 | D:13     | Reached skill level 13 in Axes
 28413 | D:14     | Noticed Urug
 28418 | D:14     | Killed Urug
 28461 | D:14     | Reached skill level 12 in Dodging
 28657 | D:14     | Reached XP level 16. HP: 131/131 MP: 9/25
 28985 | D:14     | Noticed Nessos
 28995 | D:14     | Killed Nessos
 29172 | D:14     | Found a white marble altar of Elyvilon.
 29372 | D:15     | Entered Level 15 of the Dungeon
 29381 | D:15     | Reached skill level 11 in Necromancy
 29892 | D:15     | Found a radiant altar of Vehumet.
 29951 | D:15     | Noticed Sonja
 30191 | D:15     | Found a staircase to the Depths.
 30345 | D:15     | Reached skill level 8 in Earth Magic
 30454 | D:15     | Killed Sonja
 31044 | Orc:1    | Entered Level 1 of the Orcish Mines
 31188 | Orc:1    | Reached skill level 1 in Armour
 31509 | Orc:2    | Entered Level 2 of the Orcish Mines
 31634 | Orc:2    | Reached skill level 2 in Armour
 31872 | Orc:2    | Found a staircase to the Elven Halls.
 31908 | Orc:2    | Reached skill level 3 in Armour
 31916 | Orc:2    | Noticed Rupert
 31939 | Orc:2    | Killed Rupert
 31939 | Orc:2    | Reached skill level 4 in Armour
 31977 | Orc:2    | Found a roughly hewn altar of Beogh.
 32214 | Orc:2    | Found Ozesm's Antique Weapon Shoppe.
 32287 | Orc:2    | Reached skill level 5 in Armour
 32298 | Orc:2    | Found an ancient bone altar of Kikubaaqudgha.
 32335 | Orc:2    | Found Hycoijuj's Gadget Emporium.
 32358 | Orc:2    | Paralysed by an orc sorcerer for 3 turns
 32367 | Orc:2    | Found a radiant altar of Vehumet.
 32422 | Orc:2    | Found a roughly hewn altar of Beogh.
 32422 | Orc:2    | Found Sacis's Distillery.
 32481 | Orc:2    | Found Fynli's Magic Scroll Shoppe.
 32483 | Orc:2    | Bought a potion of cancellation for 104 gold pieces
 32483 | Orc:2    | Bought a potion of resistance for 130 gold pieces
 32483 | Orc:2    | Bought a potion of heal wounds for 65 gold pieces
 32928 | Orc:1    | Paralysed by an orc sorcerer for 5 turns
 32929 | Orc:1    | Reached skill level 6 in Armour
 33408 | Snake:1  | Entered Level 1 of the Snake Pit
 33450 | Snake:1  | Reached skill level 7 in Armour
 33464 | Snake:1  | HP: 31/131 [naga sharpshooter/bolt (12)]
 33968 | Elf:1    | Entered Level 1 of the Elven Halls
 34178 | Elf:1    | Reached skill level 8 in Armour
 34213 | Elf:1    | Noticed Frances
 34229 | Elf:1    | Killed Frances
 34280 | Elf:1    | HP: 31/131 [scimitar of slicing (10)]
 34281 | Elf:1    | HP: 13/131 [scimitar of slicing (15)]
 34290 | Elf:1    | HP: 9/131 [scimitar of slicing (2)]
 34408 | Elf:1    | Reached skill level 9 in Armour
 34413 | Elf:1    | HP: 32/131 [deep elf knight/uncursed short sword of venom (2)]
 34553 | Elf:1    | Noticed Louise
 34553 | Elf:1    | Gained mutation: You frequently emit foul miasma when damaged in melee. [demonic ancestry]
 34553 | Elf:1    | Reached XP level 17. HP: 110/137 MP: 26/26
 34562 | Elf:1    | Killed Louise
 34861 | Elf:1    | Found Sorhaun's Assorted Antiques.
 34962 | Elf:1    | Reached skill level 10 in Armour
 35837 | Elf:2    | Found an ancient bone altar of Kikubaaqudgha.
 36041 | Elf:2    | Reached skill level 11 in Armour
 36056 | Elf:2    | Found a huge runed gate.
 36056 | Elf:2    | Found a huge runed gate.
 36056 | Elf:2    | Found a huge runed gate.
 36056 | Elf:2    | Found a huge runed gate.
 36056 | Elf:2    | Found a huge runed gate.
 36213 | Elf:2    | HP: 34/137 [poisoned by a trident of venom]
 36218 | Elf:2    | HP: 32/137 [poisoned by a trident of venom]
 36223 | Elf:2    | HP: 33/137 [poisoned by a trident of venom]
 36857 | Elf:2    | Found a radiant altar of Vehumet.
 37395 | Elf:2    | Reached skill level 8 in Invocations
 37396 | Elf:2    | Noticed a deep elf blademaster
 37408 | Elf:2    | Killed a deep elf blademaster
 37420 | Elf:2    | HP: 31/137 [something (12)]
 37420 | Elf:2    | HP: 7/137 [glaive of venom (24)]
 37434 | Elf:2    | HP: 31/137 [hand axe of flaming (5)]
 37880 | Elf:2    | Noticed Agnes
 37958 | Elf:2    | Killed Agnes
 37958 | Elf:2    | Reached skill level 9 in Invocations
 38012 | Elf:2    | HP: 33/137 [poisoned by a dire flail of venom]
 38017 | Elf:2    | HP: 32/137 [poisoned by a dire flail of venom]
 38270 | Elf:2    | Noticed Asterion
 38280 | Elf:2    | HP: 34/137 [poisoned by a green death (poison gas)]
 38282 | Elf:2    | Killed Asterion
 38719 | Elf:2    | Noticed Jorgrun
 38725 | Elf:2    | Reached skill level 12 in Armour
 38729 | Elf:2    | Killed Jorgrun
 38729 | Elf:2    | Reached skill level 10 in Invocations
 39509 | Elf:1    | Bought heavily runed fire dragon scales for 1690 gold pieces
 39509 | Elf:1    | Identified the +4 fire dragon scales of Zin's Castigation {+Blink rF++ rC- rCorr Int+3 Dex-3} (You bought it in a shop on level 1 of the Elven Halls)
 40122 | Depths:1 | Entered Level 1 of the Depths
 40268 | Depths:1 | Reached skill level 14 in Axes
 40268 | Depths:1 | HP: 14/138 [ettin/dire flail (24)]
 40273 | Depths:1 | HP: 32/138 [poisoned by a green ugly thing]
 40633 | Depths:1 | Gained mutation: You have a pair of large antennae on your head. (SInv) [demonic ancestry]
 40633 | Depths:1 | Reached XP level 18. HP: 145/145 MP: 4/27
 41060 | Depths:1 | Found a gateway to Hell.
 41131 | Depths:1 | Found a basalt altar of Yredelemnul.
 41276 | Depths:1 | Found Qoh Jieff's Gadget Emporium.
 41278 | Depths:1 | Found Wuing's Jewellery Shop.
 41279 | Depths:1 | Found Guuk's Gadget Emporium.
 41286 | Depths:1 | Bought an uncursed ring of poison resistance for 300 gold pieces
 41533 | Depths:1 | Found the +3 pair of gauntlets of War {Slay+5}
 41566 | Depths:1 | Got a faintly humming scale mail
 41569 | Depths:1 | Identified the +6 scale mail of the Good {MR+ Str-4 Dex+3} (You found it on level 1 of the Depths)
 41923 | Snake:1  | Reached skill level 14 in Fighting
 42966 | Snake:1  | Reached skill level 13 in Armour
 43126 | Snake:1  | Reached skill level 15 in Axes
 43299 | Snake:1  | Found Cohag's Antique Weapon Shoppe.
 43369 | Snake:1  | Noticed Nikola
 43381 | Snake:1  | Killed Nikola
 43712 | Snake:2  | Found Daply's Assorted Antiques.
 43785 | Snake:2  | Got heavily runed fire dragon scales
 43786 | Snake:2  | Identified the cursed +1 fire dragon scales "Kusif" {rElec rF++ rC- rN+ Dex+2 Slay-5} (You found it on level 2 of the Snake Pit)
 45038 | Snake:4  | Entered Level 4 of the Snake Pit
 45081 | Snake:4  | Reached XP level 19. HP: 154/154 MP: 28/28
 45108 | Snake:4  | Noticed Mara
 45108 | Snake:4  | Reached skill level 16 in Axes
 45113 | Snake:4  | Noticed shakethe's illusion
 45119 | Snake:4  | Reached skill level 15 in Fighting
 45123 | Snake:4  | HP: 26/155 [naga/enchanted glaive (19)]
 45124 | Snake:4  | HP: 5/155 [Mara (illusionary)/enchanted demon blade (17)]
 45300 | Snake:4  | Noticed shakethe's illusion
 45303 | Snake:4  | Killed Mara
 45624 | Snake:4  | Reached skill level 14 in Armour
 45741 | Snake:4  | Got a serpentine rune of Zot
 46182 | Orc:2    | Bought a scroll of identify for 26 gold pieces
 46182 | Orc:2    | Bought a scroll of identify for 26 gold pieces
 46182 | Orc:2    | Bought a scroll of identify for 26 gold pieces
 46532 | Vaults:1 | Entered Level 1 of the Vaults
 47389 | Vaults:1 | Reached skill level 17 in Axes
 47506 | Vaults:1 | Paralysed by an ogre mage for 2 turns
 48143 | Vaults:2 | Noticed Donald
 48148 | Vaults:2 | Gained mutation: You are immune to clouds of flame. [demonic ancestry]
 48148 | Vaults:2 | Reached XP level 20. HP: 158/164 MP: 29/29
 48167 | Vaults:2 | Killed Donald
 48236 | Vaults:2 | Reached skill level 13 in Dodging
 48239 | Vaults:2 | Reached skill level 16 in Fighting
 48628 | Vaults:2 | Noticed Frederick
 48637 | Vaults:2 | Killed Frederick
 49253 | Vaults:3 | Reached skill level 18 in Axes
 49333 | Vaults:3 | Reached skill level 15 in Armour
 49338 | Vaults:3 | Found a magical portal.
 49353 | WizLab   | Entered Cigotuvi's Fleshworks
 49760 | WizLab   | Paralysed by a floating eye for 2 turns
 49805 | WizLab   | Paralysed by a floating eye for 4 turns
 49813 | WizLab   | Paralysed by a floating eye for 3 turns
 49838 | WizLab   | Paralysed by a floating eye for 3 turns
 50044 | WizLab   | Found the -2 hat of the Alchemist {rElec rPois rF+ rC+ rN+ MR+ rMut rCorr}
 50296 | WizLab   | Identified Cigotuvi's Tome of Moulding and Black Rites
 50299 | WizLab   | Identified Feyschull's Volume of Transmigration
 50370 | WizLab   | Gained mutation: Your body sometimes deteriorates upon taking damage. [potion of mutation]
 50370 | WizLab   | Gained mutation: You are agile. (Dex +2) [potion of mutation]
 50370 | WizLab   | Gained mutation: You are robust. (+10% HP) [potion of mutation]
 50371 | WizLab   | Lost mutation: Your body sometimes deteriorates upon taking damage. [potion of mutation]
 50371 | WizLab   | Lost mutation: You are agile. (Dex +2) [potion of mutation]
 50371 | WizLab   | Gained mutation: You have large cloven feet. [potion of mutation]
 50371 | WizLab   | Gained mutation: Your muscles are strong. (Str +2) [potion of mutation]
 50371 | WizLab   | Gained mutation: You possess an exceptional clarity of mind. [potion of mutation]
 50429 | Vaults:3 | Reached XP level 21. HP: 189/189 MP: 30/30
 50732 | Vaults:3 | Found a staircase to the Crypt.
 50766 | Vaults:3 | Got a bloodstained robe
 50825 | Vaults:3 | Found Qirereel's Antique Weapon Boutique.
 51445 | Vaults:3 | Paralysed by an ogre mage for 5 turns
 52187 | Vaults:4 | Reached skill level 14 in Dodging
 52368 | Vaults:4 | Found Ahourghish's Food Emporium.
 52434 | Vaults:4 | Reached skill level 19 in Axes
 52503 | Vaults:4 | Reached skill level 17 in Fighting
 53908 | Shoals:1 | Entered Level 1 of the Shoals
 55111 | Shoals:2 | Got a pair of ancient gloves
 55113 | Shoals:2 | Identified the +0 pair of gloves "Veexterr" {+Inv MR+ Dex-3} (You acquired it on level 2 of the Shoals)
 55402 | Shoals:3 | Gained mutation: You can hurl damnation. [demonic ancestry]
 55402 | Shoals:3 | Reached XP level 22. HP: 185/200 MP: 31/31
 55561 | Shoals:3 | Found Eqohoaf's Eclectic Emporium.
 55626 | Shoals:3 | Bought a potion of experience for 650 gold pieces
 55627 | Shoals:3 | Reached skill level 4 in Transmutations
 55627 | Shoals:3 | Reached XP level 23. HP: 206/206 MP: 32/32
 55645 | Shoals:3 | Bought a book of the Earth for 845 gold pieces
 55744 | Shoals:3 | Reached skill level 16 in Armour
 56333 | Shoals:4 | Entered Level 4 of the Shoals
 56344 | Shoals:4 | Noticed Ilsuiw
 56392 | Shoals:4 | Killed Ilsuiw
 56562 | Shoals:4 | HP: 47/206 [merfolk impaler/vampiric trident (6)]
 56751 | Shoals:4 | Reached skill level 20 in Axes
 56861 | Shoals:4 | Got a bound jade ring
 57100 | Shoals:4 | Got a smoking ring mail
 57163 | Shoals:4 | Noticed jazmu's ghost (adept FoSk)
 57183 | Shoals:4 | Killed jazmu's ghost
 57187 | Shoals:4 | Found Lyjebb's Magic Scroll Boutique.
 57220 | Shoals:4 | Got a barnacled rune of Zot
 57566 | D:8      | Identified the ring of Woaleuhad {*Slow rElec MR++ Int+3 Stlth-} (You took it off a merfolk impaler on level 4 of the Shoals)
 57580 | D:8      | Learned a level 6 spell: Statue Form
 57587 | D:8      | Learned a level 6 spell: Iron Shot
 57998 | Elf:3    | Entered Level 3 of the Elven Halls
 58157 | Elf:3    | Found Haott's Antique Armour Boutique.
 58226 | Elf:3    | Reached skill level 1 in Conjurations
 58237 | Elf:3    | HP: 51/209 [???[a deep elf demonologist] (48)]
 58712 | Elf:3    | Reached skill level 2 in Conjurations
 58747 | Elf:3    | Reached skill level 18 in Fighting
 58759 | Elf:3    | HP: 50/209 [ghostly deep elf blademaster/rapier (11)]
 58766 | Elf:3    | Reached skill level 5 in Transmutations
 58781 | Elf:3    | HP: 49/209 [???[a deep elf demonologist] (47)]
 58794 | Elf:3    | HP: 20/209 [???[a deep elf demonologist] (18)]
 59054 | Elf:3    | Reached skill level 3 in Conjurations
 59081 | Elf:3    | Got a shimmering marble ring
 59660 | Elf:3    | Got a faintly glowing leather armour
 59767 | Elf:3    | Got a warped leather armour
 59840 | Elf:3    | Got a dazzling ring mail
 59901 | Elf:3    | Identified Xotsalis's Reference Book on Enchantment
 59909 | Elf:3    | Identified the Incunabulum of Earth and the Glacier
 59922 | Elf:3    | Identified the Guide on Cankerous Fire
 59947 | Elf:3    | Identified the Handbook of Agnosticism
 59972 | Elf:3    | Identified the ring of the Morning {-Tele rN+ MR+++ Str-4 Dex+8} (You took it off a deep elf high priest on level 3 of the Elven Halls)
 60557 | Elf:3    | Identified Zifarrus's Compendium of the Dislocated Volcanoes
 61291 | Elf:3    | Got a transparent mace {protect}
 61531 | D:8      | Identified the +6 mace of Undoing {protect, rN+ Str+3 Int-5} (You took it off a deep elf annihilator on level 3 of the Elven Halls)
 61757 | Depths:2 | Reached skill level 4 in Conjurations
 61763 | Depths:2 | Reached skill level 9 in Earth Magic
 61865 | Depths:2 | Found a blossoming altar of Fedhas.
 61866 | Depths:2 | Found a sparkling altar of Nemelex Xobeh.
 61904 | Depths:2 | Found an opulent altar of Gozag.
 61931 | Depths:2 | Reached skill level 6 in Transmutations
 61982 | Depths:2 | Noticed an ancient lich
 61991 | Depths:2 | Killed an ancient lich
 61991 | Depths:2 | Reached XP level 24. HP: 164/217 MP: 13/33
 62060 | Depths:2 | Reached skill level 5 in Conjurations
 62147 | Depths:2 | Reached skill level 7 in Spellcasting
 62466 | Depths:2 | Reached skill level 7 in Transmutations
 62500 | Depths:2 | Reached skill level 6 in Conjurations
 62500 | Depths:2 | Reached skill level 1 in Evocations
 62628 | Depths:2 | Noticed a juggernaut
 62640 | Depths:2 | Killed a juggernaut
 62640 | Depths:2 | Reached skill level 2 in Evocations
 62640 | Depths:2 | Reached skill level 10 in Earth Magic
 63537 | Depths:3 | Noticed the Enchantress
 63551 | Depths:3 | HP: 44/218 [spriggan air mage/the air[the Enchantress] (26)]
 63560 | Depths:2 | Killed the Enchantress
 63563 | Depths:2 | Got faerie dragon scales
 63590 | Depths:3 | Reached skill level 3 in Evocations
 63590 | Depths:3 | Reached skill level 8 in Spellcasting
 63747 | Depths:3 | Reached skill level 7 in Conjurations
 63770 | Depths:3 | Found a one-way gate leading to the halls of Pandemonium.
 63789 | Depths:3 | Gained mutation: Scrolls take you a little longer to read. [a shining eye]
 63936 | Depths:3 | Reached skill level 4 in Translocations
 63955 | Depths:3 | Reached skill level 8 in Transmutations
 63981 | Depths:3 | Reached skill level 4 in Evocations
 63985 | Depths:3 | Noticed a juggernaut
 63999 | Depths:3 | Killed a juggernaut
 64005 | Depths:3 | Paralysed by a floating eye for 2 turns
 64086 | Depths:3 | Identified the +3 faerie dragon scales {Regen+ rCorr} (You took it off the Enchantress on level 2 of the Depths)
 64111 | Depths:3 | Identified a +1 pair of boots of running (You acquired it on level 3 of the Depths)
 64198 | Depths:3 | Reached XP level 25. HP: 226/226 MP: 35/35
 64282 | Depths:3 | Identified the ring of Isakh {Fire +Inv MR+++ Int-5} (You acquired it on level 3 of the Depths)
 64524 | Depths:3 | Reached skill level 19 in Fighting
 64847 | Depths:3 | Found a gateway to a ziggurat.
 64869 | Depths:3 | Reached skill level 5 in Evocations
 65080 | Depths:4 | Reached skill level 8 in Conjurations
 65084 | Depths:4 | Reached skill level 5 in Translocations
 65104 | Depths:4 | Reached skill level 9 in Spellcasting
 65567 | Depths:4 | Reached skill level 11 in Earth Magic
 65601 | Depths:4 | Reached skill level 9 in Transmutations
 65648 | Depths:4 | Found a one-way gate to the infinite horrors of the Abyss.
 65673 | Depths:4 | Reached skill level 6 in Evocations
 65744 | Depths:4 | Noticed Jory
 65758 | Depths:4 | Reached skill level 6 in Translocations
 65782 | Depths:4 | Killed Jory
 65797 | Depths:4 | Paralysed by a hornet for 2 turns
 65837 | Depths:4 | Noticed Sojobo
 65851 | Depths:4 | Killed Sojobo
 65851 | Depths:4 | Reached skill level 9 in Conjurations
 65864 | Depths:4 | Noticed a juggernaut
 65877 | Depths:4 | Killed a juggernaut
 66014 | Depths:4 | Identified the cursed +0 plate armour of Yfessun {-Tele *Drain rPois SInv} (You found it on level 4 of the Depths)
 66127 | Depths:4 | Identified the +4 flail "Raimi" {speed, *Corrode rF+ Dex+2} (You found it on level 4 of the Depths)
 66151 | Depths:4 | Reached skill level 7 in Evocations
 66395 | Depths:5 | Entered Level 5 of the Depths
 66490 | Depths:5 | Reached skill level 10 in Spellcasting
 66531 | Depths:5 | HP: 56/228 [frost giant/battleaxe of freezing (3)]
 66544 | Depths:5 | Reached skill level 7 in Translocations
 66797 | Depths:5 | Gained mutation: You regenerate a lot of health from kills. [demonic ancestry]
 66797 | Depths:5 | Reached XP level 26. HP: 211/237 MP: 37/37
 66846 | Depths:5 | Found a gate to the Realm of Zot.
 66865 | Depths:5 | Reached skill level 10 in Transmutations
 67038 | Depths:5 | HP: 56/237 [caustic shrike (5)]
 67044 | Depths:5 | Reached skill level 10 in Conjurations
 67055 | Depths:5 | Reached skill level 8 in Evocations
 67528 | D:8      | Lost mutation: Your muscles are strong. (Str +2) [potion of mutation]
 67528 | D:8      | Lost mutation: Scrolls take you a little longer to read. [potion of mutation]
 67528 | D:8      | Gained mutation: You have an increased reservoir of magic. (+10% MP) [potion of mutation]
 67528 | D:8      | Gained mutation: Your flesh is very heat resistant. (rF++) [potion of mutation]
 67623 | D:9      | Bought a book of the Warp for 1080 gold pieces
 67678 | D:8      | Learned a level 4 spell: Summon Lightning Spire
 67918 | Crypt:1  | Entered Level 1 of the Crypt
 68195 | Crypt:1  | Reached skill level 12 in Earth Magic
 68207 | Crypt:1  | Reached skill level 1 in Air Magic
 68874 | Crypt:2  | Reached skill level 2 in Air Magic
 69004 | Crypt:2  | Reached skill level 8 in Translocations
 69479 | Crypt:3  | Entered Level 3 of the Crypt
 69547 | Crypt:3  | Reached skill level 3 in Air Magic
 69730 | Crypt:3  | Reached skill level 11 in Spellcasting
 69777 | Crypt:3  | Reached skill level 20 in Fighting
 69850 | Crypt:3  | Noticed a greater mummy
 69860 | Crypt:3  | HP: 49/239 [revenant (14)]
 70007 | Crypt:3  | Reached skill level 11 in Conjurations
 70007 | Crypt:3  | Reached skill level 4 in Air Magic
 70013 | Crypt:3  | HP: 58/239 [jiangshi[a vampire mage] (4)]
 70375 | Crypt:3  | Found a staircase to the Tomb.
 70511 | Crypt:3  | Reached skill level 11 in Transmutations
 70562 | Crypt:3  | HP: 57/239 [revenant/ghostly fireball (41)]
 70565 | Crypt:3  | HP: 27/239 [spectral snapping turtle[a revenant] (5)]
 70567 | Crypt:3  | HP: 10/239 [revenant/ghostly fireball (20)]
 70572 | Crypt:3  | HP: 27/239 [revenant] (5)]
 70596 | Crypt:3  | HP: 42/239 [profane servitor/enchanted whip (1)]
 70607 | Crypt:2  | HP: 37/239 [profane servitor/enchanted whip (7)]
 71195 | Slime:1  | Entered Level 1 of the Pits of Slime
 71296 | Slime:1  | Gained mutation: Your spells are a little easier to cast, but a little less powerful. [a shining eye]
 71591 | Slime:2  | Reached skill level 9 in Translocations
 71591 | Slime:2  | Reached XP level 27. HP: 183/246 MP: 42/42
 72022 | Slime:1  | Gained mutation: Scrolls take you a little longer to read. [a shining eye]
 72458 | Slime:2  | Reached skill level 5 in Air Magic
 72763 | Slime:2  | Lost mutation: Scrolls take you a little longer to read. [potion of mutation]
 72763 | Slime:2  | Lost mutation: You possess an exceptional clarity of mind. [potion of mutation]
 72763 | Slime:2  | Lost mutation: You are robust. (+10% HP) [potion of mutation]
 72763 | Slime:2  | Gained mutation: You are resistant to hostile enchantments. (MR+) [potion of mutation]
 72763 | Slime:2  | Gained mutation: Your mind is acute. (Int +2) [potion of mutation]
 73221 | Slime:3  | Lost mutation: Your mind is acute. (Int +2) [potion of mutation]
 73221 | Slime:3  | Lost mutation: You have an increased reservoir of magic. (+10% MP) [potion of mutation]
 73221 | Slime:3  | Lost mutation: You have large cloven feet. [potion of mutation]
 73221 | Slime:3  | Gained mutation: You have supernaturally acute eyesight. (SInv) [potion of mutation]
 73221 | Slime:3  | Gained mutation: You possess an exceptional clarity of mind. [potion of mutation]
 73221 | Slime:3  | Gained mutation: You expend magic power (3 MP) to strengthen your wands. [potion of mutation]
 73221 | Slime:3  | Gained mutation: You are covered in fur. (AC +1) [potion of mutation]
 73410 | Slime:4  | Noticed Dissolution
 73419 | Slime:4  | Killed Dissolution
 73419 | Slime:4  | Reached skill level 13 in Earth Magic
 73559 | Slime:4  | Gained mutation: You are weak. (Str -2) [a shining eye]
 73561 | Slime:4  | Gained mutation: Your body sometimes deteriorates upon taking damage. [a shining eye]
 74338 | Vaults:4 | Lost mutation: You are resistant to hostile enchantments. (MR+) [potion of mutation]
 74338 | Vaults:4 | Lost mutation: You possess an exceptional clarity of mind. [potion of mutation]
 74338 | Vaults:4 | Lost mutation: You are weak. (Str -2) [potion of mutation]
 74338 | Vaults:4 | Lost mutation: You have supernaturally acute eyesight. (SInv) [potion of mutation]
 74338 | Vaults:4 | Gained mutation: You are resistant to electric shocks. (rElec) [potion of mutation]
 74339 | Vaults:4 | Lost mutation: Your spells are a little easier to cast, but a little less powerful. [potion of mutation]
 74339 | Vaults:4 | Lost mutation: You expend magic power (3 MP) to strengthen your wands. [potion of mutation]
 74339 | Vaults:4 | Lost mutation: Your body sometimes deteriorates upon taking damage. [potion of mutation]
 74339 | Vaults:4 | Gained mutation: Your magical capacity is low. (-10% MP) [potion of mutation]
 74339 | Vaults:4 | Gained mutation: You are resistant to hostile enchantments. (MR+) [potion of mutation]
 74340 | Vaults:4 | Lost mutation: Your magical capacity is low. (-10% MP) [potion of mutation]
 74340 | Vaults:4 | Lost mutation: Your flesh is very heat resistant. (rF++) [potion of mutation]
 74340 | Vaults:4 | Gained mutation: Your spells are a little harder to cast, but a little more powerful. [potion of mutation]
 74354 | Vaults:5 | Entered Level 5 of the Vaults
 74363 | Vaults:5 | Reached skill level 6 in Air Magic
 74363 | Vaults:5 | Reached skill level 12 in Conjurations
 74363 | Vaults:5 | Reached skill level 12 in Spellcasting
 74363 | Vaults:5 | Reached skill level 10 in Translocations
 74366 | Vaults:5 | Noticed an ancient lich
 74371 | Vaults:5 | Reached skill level 12 in Transmutations
 74372 | Vaults:5 | Killed an ancient lich
 74381 | Vaults:5 | Reached skill level 7 in Air Magic
 74475 | Vaults:5 | Reached skill level 13 in Conjurations
 74482 | Vaults:5 | Reached skill level 8 in Air Magic
 74488 | Vaults:5 | Reached skill level 14 in Earth Magic
 74497 | Vaults:5 | Reached skill level 11 in Translocations
 74582 | Vaults:5 | Got a twitching tin amulet
 74839 | Vaults:5 | Got a steaming plate armour
 74839 | Vaults:5 | Got a scorched marble ring
 74868 | Vaults:5 | Found the +4 robe of Augmentation {Str+4 Int+4 Dex+4}
 74873 | Vaults:5 | Got a silver rune of Zot
 75077 | Vaults:5 | Reached skill level 13 in Spellcasting
 75128 | Vaults:5 | Identified the amulet "Suvuidul" {RegenMP *Corrode rC+ Int+4} (You took it off a vault warden on level 5 of the Vaults)
 75129 | Vaults:5 | Identified the ring of the Republic {Dex+2 Stlth+} (You took it off a vault warden on level 5 of the Vaults)
 75246 | Vaults:5 | Identified the +1 plate armour of Tomnad {Int+2} (You took it off a vault warden on level 5 of the Vaults)
 75251 | Vaults:5 | Got a flickering silver amulet
 75252 | Vaults:5 | Identified the amulet "Kuathim" {+Rage rElec Str+5 Dex-4 SInv} (You took it off a yaktaur captain on level 5 of the Vaults)
 75293 | Vaults:5 | Identified the Almanac of Shifting Poisoning
 75736 | Vaults:5 | Identified the cursed +1 broad axe of Desperation {chop, rC++} (You took it off an ironheart preserver on level 5 of the Vaults)
 76212 | D:11     | Killed appiemonkey's ghost
 76899 | D:8      | Learned a level 5 spell: Dispel Undead
 77059 | Slime:5  | Entered Level 5 of the Pits of Slime
 77168 | Slime:5  | Gained mutation: You tend to lose your temper in combat. [a shining eye]
 77192 | Slime:5  | HP: 66/291 [acid (8)]
 77193 | Slime:5  | HP: 31/224 [acid blob/splash of acid (1)]
 77193 | Slime:5  | HP: 3/224 [acid blob (22)]
 77193 | Slime:5  | Splashed by an acid blob's acid

Skill      XL: |  1  2  3  4  5  6  7  8  9 10 11 12 13 14 15 16 17 18 19 20 21 22 23 24 25 26 27 |
---------------+----------------------------------------------------------------------------------+-----
Fighting       | 1 3 4 5 6 7 9 10 11 12 13 14 15 16 17 18 19 20 | 20.0
Necromancy     | 5 6 7 8 9 10 11 | 11.2
Spellcasting   | 3 4 5 6 8 10 11 13 | 13.1
Dodging        | 2 3 4 5 6 7 9 10 12 13 14 | 14.9
Earth Magic    | 2 3 5 6 7 8 9 10 11 12 14 | 14.2
Invocations    | 2 5 7 10 | 10.3
Translocations | 1 3 4 7 9 11 | 11.3
Charms         | 1 2 |  2.8
Axes           | 2 6 10 11 13 14 15 17 18 19 20 | 20.0
Armour         | 9 12 13 14 15 16 | 16.3
Transmutations | 4 6 8 9 11 12 | 12.9
Conjurations   | 4 7 9 11 13 | 13.3
Evocations     | 4 7 8 |  8.1
Air Magic      | 4 8 |  8.5
Stealth        | |  1.7

Action                   |  1- 3 |  4- 6 |  7- 9 | 10-12 | 13-15 | 16-18 | 19-21 | 22-24 | 25-27 || total
-------------------------+-------+-------+-------+-------+-------+-------+-------+-------+-------++-------
Melee: Club              |    28 |     1 |       |       |       |       |       |       |       ||    29
       Mace              |       |     1 |       |       |       |       |       |       |       ||     1
       Spear             |       |       |   123 |       |       |       |       |       |       ||   123
       Halberd           |       |       |   284 |    55 |       |       |       |       |       ||   339
       Staff             |       |       |    19 |    35 |       |       |       |       |       ||    54
       Broad axe         |       |       |       |   374 |       |       |       |       |       ||   374
       Battleaxe         |       |       |       |       |   569 |  1186 |  1511 |  1152 |  1811 ||  6229
       Short sword       |       |       |       |       |       |    29 |       |       |       ||    29
       Kick              |       |       |       |       |       |       |       |     6 |    33 ||    39
Throw: Stone             |       |       |    57 |     5 |     7 |       |       |       |       ||    69
 Cast: Pain              |    69 |   162 |   161 |    13 |    21 |    21 |       |       |       ||   447
       Regeneration      |       |     1 |    12 |    20 |    12 |    15 |     3 |     9 |     3 ||    75
       Vampiric Draining |       |     3 |    10 |     6 |       |       |       |       |       ||    19
       Borgnjor's Vile C |       |       |    29 |   101 |   101 |   101 |    25 |    44 |    22 ||   423
       Shroud of Golubri |       |       |       |     4 |    14 |     4 |     1 |     1 |       ||    24
       Blink             |       |       |       |     1 |     3 |       |     1 |       |    11 ||    16
       Statue Form       |       |       |       |       |       |       |       |       |     4 ||     4
       Summon Lightning  |       |       |       |       |       |       |       |       |     4 ||     4
Invok: Lesser Servant of |       |       |       |     4 |       |     1 |       |       |       ||     5
 Abil: End Transformatio |       |       |       |       |       |       |       |       |     1 ||     1
Evoke: Wand              |       |       |       |       |       |       |       |       |     1 ||     1
  Use: Scroll            |     1 |     3 |     5 |    12 |    13 |    25 |     7 |    13 |    16 ||    95
       Potion            |       |       |     4 |     4 |     4 |    11 |     4 |     5 |    19 ||    51
 Stab: Distracted        |       |     1 |       |       |       |     2 |       |     2 |     1 ||     6
       Sleeping          |       |       |     2 |     5 |       |       |       |       |       ||     7
       Invisible         |       |       |       |       |       |       |       |       |     3 ||     3
  Eat: Chunk             |     3 |     7 |    28 |    50 |    37 |    40 |    19 |     9 |    13 ||   206
       Ration            |       |       |     2 |     2 |     8 |    13 |     7 |     9 |    12 ||    53
Armor: Robe              |    10 |     3 |    69 |   125 |    80 |       |       |       |       ||   287
       Troll leather arm |       |       |       |       |    20 |    20 |       |       |       ||    40
       Fire dragon scale |       |       |       |       |       |   613 |   717 |   643 |   997 ||  2970
       Skin              |       |       |       |       |       |       |       |       |   220 ||   220
Dodge: Dodged            |    48 |    56 |   529 |   734 |   840 |  1261 |  1394 |  1237 |  1999 ||  8098
       Deflected         |       |       |       |       |    23 |   122 |   131 |   108 |    70 ||   454

Vault maps used:
D:1:      matt_arrival_diagonals, due_unseen_surprise
D:2:      nicolae_overflow_crystal_walls, uniq_sigmund
D:3:      minmay_goblin_kobold_castle
D:4:      minmay_temple_entry_fiery, serial_shops, nicolae_shop_statue_plus,
          first_ration, kennysheep_generic_room_7, uniq_menkaure
D:5:      cheibrodos_sewer_entry_bend, serial_park_tiny_2, uniq_blork_the_orc,
          uniq_crazy_yiuf_cottage, uniq_pikel
D:6:      xom_confusion_cloud
D:7:      grunt_qazlal_clouds, kennysheep_mini_moat
D:8:      minmay_lair_entry_grove, basic_altar
D:9:      minmay_orc_entry_guard_dogs, serial_shops, shop, blue_anna_alchemist,
          makhleb_heckhound_becter
D:10:     serial_shops, nicolae_shop_crystal, shop
D:11:     kennysheep_generic_room_12
D:12:     portal_ice_cave_rime
D:13:     grunt_vaults_entry_fortified, lemuel_centaur_altar
D:14:     serial_undead, serial_undead_f, serial_undead_d, serial_undead_f,
          serial_undead_b, serial_undead_d, serial_undead_e, serial_undead_b,
          serial_undead_e, serial_undead_c, serial_undead_e,
          serial_bayou_pond_e, basic_altar, uniq_nessos, uniq_urug
D:15:     grunt_enter_depths_snipers, serial_aquarium, aquarium_bridge_square,
          aquarium_bridge_straight, aquarium_window_corner,
          aquarium_window_fake, aquarium_view_2e, aquarium_view_2a,
          aquarium_pool_1, lemuel_oklob_altar, uniq_sonja
Temple:   dpeg_five_rooms_temple
Lair:1:   grunt_megastairs_4, lemuel_fruit_tree, uniq_harold
Lair:2:   grunt_megastairs_2
Lair:3:   minmay_snake_entry_guardpost_medium
Lair:4:   minmay_shoals_entry_centaurs, lemuel_fruit_fields
Lair:5:   minmay_slime_entry_oklob_open, grunt_megastairs_1
Lair:6:   gammafunk_lair_ancient_temple, lab_entry_generic
Shoals:3: nicolae_alphabet_shops
Shoals:4: shoals_end_grunt_garden, shoals_ilsuiw_ice, serial_shops, shop
Snake:1:  serial_shops, shop, spider_trap, st_stairs_5, serial_bayou_shore_b,
          uniq_nikola
Snake:2:  serial_shops, shop_coins
Snake:4:  minmay_snake_end_coiled, serial_bayou_pond_e, uniq_mara
Slime:2:  cheibrodos_slime_lost_civilization_7
Slime:4:  dissolution_awaits
Orc:1:    rock_pile
Orc:2:    kennysheep_orc_mage_school, basic_altar, guppyfry_library_mini,
          uniq_rupert
Elf:1:    elf_arrival_001, serial_shops, nicolae_shop_trees,
          minmay_elf_crystal_hexagon, uniq_louise, uniq_frances
Elf:2:    basic_altar, lemuel_statue_altar, uniq_agnes, uniq_asterion,
          uniq_jorgrun
Elf:3:    elf_hall, serial_shops, nicolae_shop_window_shopping
Vaults:1: ontoclasm_vaults_loading_screen, v_misc_32, dpeg_vaults_monster_box,
          v_misc_16, nicolae_vaults_what_the_h, nicolae_vaults_big_ls,
          hangedman_vaults_unwind, vaults_room_semicircle, grunt_vaults_bifocal,
          nicolae_vaults_little_squares_4, ontoclasm_vaults_eye,
          nicolae_vaults_big_angled_halls
Vaults:2: grunt_vaults_hallway_short, v_misc_3, hangedman_vaults_trim,
          hangedman_vaults_locks, nicolae_vaults_triangles,
          nicolae_vaults_stairing_the_circle, hangedman_vaults_capsules,
          nicolae_vaults_angled_halls, nicolae_vaults_statue_guard,
          ontoclasm_vaults_gateway, ontoclasm_vaults_loading_screen,
          vaults_room_pools, nicolae_vaults_little_squares_6, uniq_frederick,
          uniq_donald
Vaults:3: ontoclasm_vaults_decontamination, nicolae_vaults_theta,
          hangedman_vaults_variations, vaults_standard_mumra_enter_the_diamond,
          hangedman_vaults_impose, blue_anna_dwarven_crypt,
          hangedman_vaults_trim, v_pattern_5, v_alt_pattern_2,
          hangedman_vaults_hat, mu_enter_wizlab_4, serial_shops, shop
Vaults:4: hangedman_vaults_nails, vaults_mumra_bighexcomb,
          hangedman_vaults_corner, v_alt_pattern_4, v_misc_10,
          nicolae_vaults_little_squares_6, ontoclasm_vaults_shuriken,
          nicolae_vaults_alarming, serial_shops, shop
Vaults:5: serial_shops
Crypt:2:  st_stairs_12
Crypt:3:  lightli_unholy_cathedral,
          nicolae_tomb_entry_unfolded_pyramid_orthogonal, glass_columns_b
Depths:1: pf_hell_entry_tar_spiral, minmay_misc_feat_columns,
          minmay_misc_feat_room, kennysheep_flooded_box, serial_bayou_ford_a,
          laboratory, minmay_shop_grove
Depths:2: hangedman_slaughterboxes, hell_entry
Depths:3: minmay_the_grid_triangle_9x9_recursive_3_mashed, enter_ziggurat_f,
          rand_demon_pan_entry_3, hangedman_decor_clover_reticule, hell_entry,
          serial_bayou_shore_b, serial_bayou_shore_b, uniq_enchantress
Depths:4: vault_1, hell_entry, abyss_entry, serial_bayou_pond_b, spider_trap,
          uniq_sojobo, uniq_jory
Depths:5: grunt_zot_entry_bicorn, hangedman_coc_ice_floe,
          kennysheep_pointless_box
Lab:      labyrinth_spiral, labyrinth_glass_1, labyrinth_fake_exit,
          nicolae_lab_swirl, nicolae_lab_do_over, nicolae_lab_stuck,
          nicolae_lab_checkerboard, nicolae_lab_dead_end, nicolae_lab_grate,
          labyrinth_lava_lair
Sewer:    sewer_minmay_w
IceCv:    ice_cave_caverns_02
WizLab:   wizlab_cigotuvi

Table legend:
 A = Turns spent in this place as a percentage of turns spent in the entire game.
 B = Non-inter-level travel turns spent in this place as a percentage of non-inter-level travel turns spent in the entire game.
 C = Inter-level travel turns spent in this place as a percentage of turns spent in this place.
 D = Turns resting spent in this place as a percentage of non-inter-level travel turns spent in this place.
 E = Turns spent auto-exploring this place as a percentage of non-inter-level travel turns spent in this place.
 F = Non-inter-level travel turns spent in this place divided by the number of levels of this place that you've seen.
                   A       B       C       D       E      F
               +-------+-------+-------+-------+-------+----------------------
         Total | 100.0 | 100.0 |  11.3 |  17.9 |  40.4 | 1201.9
       Dungeon |  34.4 |  32.6 |  16.0 |  27.8 |  34.1 | 1487.3
        Temple |   0.4 |   0.4 |   0.0 |   0.0 |  79.5 | 283.0
          Lair |   9.4 |   9.0 |  15.3 |  13.9 |  52.4 | 1023.8
        Shoals |   4.4 |   4.7 |   5.0 |   0.0 |  49.7 | 809.8
     Snake Pit |   4.9 |   5.4 |   3.2 |  10.3 |  55.0 | 920.8
    Slime Pits |   3.8 |   4.1 |   2.3 |  10.7 |  47.0 | 567.6
  Orcish Mines |   3.6 |   2.9 |  29.0 |   4.7 |  57.2 | 995.5
   Elven Halls |  11.5 |  11.5 |  10.6 |  31.8 |  26.5 | 2637.3
        Vaults |  10.1 |  10.1 |  11.4 |   0.8 |  55.7 | 1388.2
         Crypt |   3.9 |   4.3 |   1.3 |  10.8 |  38.8 | 987.0
        Depths |   8.4 |   9.1 |   4.5 |   5.0 |  48.1 | 1241.8
     Labyrinth |   0.5 |   0.6 |   0.0 |   0.0 |   0.0 | 381.0
         Sewer |   1.0 |   1.2 |   0.0 |  40.8 |  23.8 | 808.0
      Ice Cave |   2.3 |   2.6 |   0.0 |  51.4 |   9.2 | 1787.0
        Wizlab |   1.3 |   1.5 |   0.0 |   0.0 |   9.6 | 1022.0
               +-------+-------+-------+-------+-------+----------------------

Table legend:
 A = Kills in this place as a percentage of kills in entire the game.
 B = Kills by you in this place as a percentage of kills by you in the entire game.
 C = Kills by friends in this place as a percentage of kills by friends in the entire game.
 D = Other kills in this place as a percentage of other kills in the entire game.
 E = Experience gained in this place as a percentage of experience gained in the entire game.
 F = Experience gained in this place divided by the number of levels of this place that you have seen.
                   A       B       C       D       E      F
               +-------+-------+-------+-------+-------+----------------------
         Total | 100.0 | 100.0 | 100.0 | 100.0 | 100.0 | 28128.5
       Dungeon |  19.9 |  20.1 |   0.0 |   0.0 |   5.0 | 5363.2
          Lair |   5.5 |   5.5 |   0.0 |   0.0 |   2.9 | 7699.8
        Shoals |   6.7 |   6.8 |   0.0 |   0.0 |   6.3 | 25397.5
     Snake Pit |   7.7 |   7.7 |   0.0 |  11.8 |   7.9 | 31480.0
    Slime Pits |   4.6 |   4.3 | 100.0 |  11.8 |   5.9 | 18956.8
  Orcish Mines |   3.8 |   3.9 |   0.0 |   0.0 |   1.4 | 10968.0
   Elven Halls |   5.2 |   5.2 |   0.0 |  11.8 |   7.6 | 40532.0
        Vaults |  19.3 |  19.2 |   0.0 |  35.3 |  26.2 | 84018.0
         Crypt |   6.6 |   6.6 |   0.0 |   0.0 |   7.7 | 40977.3
        Depths |  14.7 |  14.7 |   0.0 |  23.5 |  26.5 | 84937.6
     Labyrinth |   0.3 |   0.3 |   0.0 |   0.0 |   0.1 | 1489.0
         Sewer |   1.8 |   1.8 |   0.0 |   0.0 |   0.0 | 397.0
      Ice Cave |   2.0 |   2.0 |   0.0 |   5.9 |   0.9 | 14147.0
        Wizlab |   2.0 |   2.1 |   0.0 |   0.0 |   1.7 | 27107.0
               +-------+-------+-------+-------+-------+----------------------
